 Dungeon Crawl Stone Soup version 0.19-a0-1686-g35356ef (webtiles) character file.

733 Flanowski the Insei (level 7, -6/35 HPs)
             Began as a Vine Stalker Transmuter on Sept 25, 2016.
             Was an Initiate of Ashenzari.
             Mangled by an ice beast (14 damage)
             ... on level 5 of the Dungeon.
             The game lasted 00:07:44 (4143 turns).

Flanowski the Insei (Vine Stalker Transmuter)       Turns: 4143, Time: 00:07:46

Health: -6/35      AC:  3    Str: 13    XL:     7   Next: 74%
Magic:  0/14       EV: 20    Int: 13    God:    Ashenzari [......]
Gold:   186        SH:  2    Dex: 21    Spells: 3 memorised, 9 levels left

rFire  . . .     SeeInvis .       - Unarmed
rCold  . . .     Gourm    .     (armour currently unavailable)
rNeg   . . .     Faith    .     (shield currently unavailable)
rPois  x         Spirit   +     (helmet currently unavailable)
rElec  .         Dismiss  .     (cloak currently unavailable)
rCorr  .         Reflect  +     (gloves currently unavailable)
MR     .....     Harm     .     (boots currently unavailable)
Stlth  ++........               t - +2 amulet of reflection (curse)
                                (no ring)
                                (no ring)

@: spider-form (expiring), very slightly contaminated
A: (fangs 0), regeneration 1, magic shield, (antimagic bite), no device heal 3,
rot immunity
a: End Transformation, Curse Item, Renounce Religion


You were on level 5 of the Dungeon.
You worshipped Ashenzari.
Ashenzari was noncommittal.
You were not hungry.
You were a venomous arachnid creature.
You visited 2 branches of the dungeon, and saw 7 of its levels.

You collected 186 gold pieces.

Inventory:

Missiles
 a - 19 arrows
Armour
 b - a cursed +0 robe (melded)
 x - a cursed +0 pair of gloves of strength (melded)
Jewellery
 t - a cursed +2 amulet of reflection (around neck)
 w - an uncursed amulet of the gourmand
Wands
 y - a wand of random effects (25/48)
 z - a wand of acid (6/15)
 B - a wand of acid (11/15)
Scrolls
 f - 3 scrolls of amnesia {unknown}
 h - a scroll of blinking {unknown}
 j - a scroll of magic mapping {unknown}
 k - 4 scrolls of identify {unknown}
 l - 2 scrolls of recharging {unknown}
 m - 2 scrolls of random uselessness {unknown}
 q - a scroll of fog {unknown}
 E - a scroll of teleportation {unknown}
 F - a scroll of vulnerability {unknown}
 H - a scroll of enchant weapon {unknown}
Potions
 e - a potion of resistance {unknown}
 g - a potion of flight {unknown}
 i - a potion of mutation {unknown}
 n - a potion of degeneration {unknown}
 o - 4 potions of curing {unknown}
 r - a potion of brilliance {unknown}
 s - 2 potions of agility {unknown}
 u - 2 potions of berserk rage {unknown}
 A - a potion of lignification {unknown}
 G - 3 potions of ambrosia {unknown}
Books
 c - a book of Changes

   Spells                             Type                      Level
   a - Beastly Appendage              Transmutation                1
   b - Sticks to Snakes               Transmutation                2
   c - Spider Form                    Transmutation/Poison         3
   d - Ice Form                       Ice/Transmutation            4
   e - Blade Hands                    Transmutation                5
Comestibles
 d - 3 bread rations
 p - 4 beef jerkies
 v - a meat ration
 D - a slice of pizza


   Skills:
 * Level 2.9 Fighting
 + Level 2.1 Dodging
 * Level 5.6 Unarmed Combat
 * Level 4.5 Spellcasting
 * Level 4.3 Transmutations


You had 9 spell levels left.
You knew the following spells:

 Your Spells              Type           Power        Failure   Level  Hunger
a - Beastly Appendage     Tmut           ##....       14%         1    None
b - Sticks to Snakes      Tmut           ##......     21%         2    ##.....
c - Spider Form           Tmut/Pois      #.........   50%         3    ###....


Dungeon Overview and Level Annotations

Branches:
Dungeon (6/15)             Temple (1/1) D:4

Altars:
Ashenzari
Dithmenos
Elyvilon
Fedhas
Hepliaklqana
Kikubaaqudgha
Makhleb
Okawaru
Qazlal
Uskayaw
Yredelemnul
The Shining One


Innate Abilities, Weirdness & Mutations

((You have extremely sharp teeth.))
Your natural rate of healing is unusually fast.
When hurt, damage is shared between your health and your magic reserves.
((Your bite disrupts and absorbs the magic of your enemies.))
Potions and wands cannot restore your health.
You are immune to rotting.


Message History

Your cursed +0 pair of gloves of strength melds into your body.
Your cursed +0 robe melds into your body.
You feel weaker.
You swap places.
Your transformation is almost over.
The ice beast hits your ball python.
Your ball python dies!
The ice beast hits you. The ice beast freezes you!
Your ball python bites the ice beast.
You bite the ice beast!
The ice beast is moderately wounded.
Your ball python bites the ice beast but does no damage.
The ice beast hits you. The ice beast freezes you!
You barely miss the ice beast.
The ice beast is moderately wounded.
Your ball python bites the ice beast but does no damage.
The ice beast hits you.
* * * LOW HITPOINT WARNING * * *
The ice beast freezes you!
You die...

###
#<#######.#
#.........#
#sS######.#
#.Y# #..#
#... ##.##
#.. ... ...


You could see an ice beast and a friendly ball python.

Vanquished Creatures
  Sigmund (D:4)
  Eustachio (D:4)
  2 ogres (D:6)
  A howler monkey (D:5)
  2 orc wizards
  A hound zombie (D:6)
  A gnoll (D:1)
  10 adders
  2 oozes
  2 worms
  A dart slug (D:1)
  A leopard gecko (D:2)
  8 orcs
  7 bats
  4 giant cockroaches
  3 goblins
  11 hobgoblins
  7 jackals
  2 quokkas
  A ball python (D:4)
  4 frilled lizards
  8 kobolds
  8 rats
88 creatures vanquished.

Notes
Turn   | Place    | Note
-------+----------+-------------------------------------------
     0 | D:1      | Flanowski the Vine Stalker Transmuter began the quest for the Orb.
     0 | D:1      | Reached XP level 1. HP: 9/9 MP: 4/4
   148 | D:1      | Reached skill level 1 in Fighting
   169 | D:1      | Reached XP level 2. HP: 5/14 MP: 3/6
   360 | D:1      | Reached XP level 3. HP: 2/18 MP: 2/7
  1367 | D:2      | Reached skill level 4 in Unarmed Combat
  1367 | D:2      | Gained mutation: Your natural rate of healing is unusually fast. [Vine Stalker growth]
  1367 | D:2      | Reached XP level 4. HP: 22/22 MP: 8/8
  1863 | D:3      | Reached XP level 5. HP: 24/25 MP: 9/9
  1933 | D:3      | Found a faded altar of an unknown god.
  2292 | D:4      | Noticed Eustachio
  2357 | D:3      | Learned a level 2 spell: Sticks to Snakes
  2361 | D:3      | Learned a level 3 spell: Spider Form
  2439 | D:4      | Killed Eustachio
  2439 | D:4      | Reached skill level 5 in Unarmed Combat
  2439 | D:4      | Reached XP level 6. HP: 25/30 MP: 5/11
  2544 | D:4      | Found a staircase to the Ecumenical Temple.
  2551 | Temple   | Entered the Ecumenical Temple
  2650 | Temple   | Became a worshipper of Ashenzari the Shackled
  2753 | D:4      | Noticed an ice beast
  3083 | D:4      | Noticed Sigmund
  3092 | D:4      | Killed Sigmund
  3092 | D:4      | Reached XP level 7. HP: 35/35 MP: 1/13
  3432 | D:4      | You fall through a shaft for 2 floors!
  3773 | D:5      | Entered Level 5 of the Dungeon
  4143 | D:5      | Mangled by an ice beast

Vault maps used:
D:1:      dpeg_arrival_water_fire, serial_corexii_hall, corexii_hall_statues_i,
          corexii_hall_statues_t, minivault_19
D:3:      ecumenical_altar_1, minmay_misc_feat_four_crosses, nrook_uturn
D:4:      minmay_fountain_box, uniq_eustachio, uniq_sigmund
D:5:      serial_shops, shop, first_bread, dk_xom_monty_hall
D:6:      nicolae_tso_swordbearing_angel
Temple:   kilobyte_greek_temple

Skill      XL: |  1  2  3  4  5  6  7 |
---------------+----------------------+-----
Fighting       | 1 2 |  2.9
Unarmed Combat | 4 5 |  5.6
Transmutations | 3 4 |  4.3
Dodging        | 2 |  2.1
Spellcasting   | 3 4 |  4.5

Action                   |  1- 3 |  4- 6 |  7- 9 || total
-------------------------+-------+-------+-------++-------
Melee: Unarmed           |    97 |   122 |    50 ||   269
       Bite              |    29 |    24 |     8 ||    61
       Kick              |    11 |     9 |     1 ||    21
       Headbutt          |     3 |     5 |     2 ||    10
       Punch             |     2 |       |       ||     2
 Cast: Beastly Appendage |    22 |    17 |     5 ||    44
       Spider Form       |       |     5 |     5 ||    10
       Sticks to Snakes  |       |     6 |     6 ||    12
Invok: Curse Item        |       |     1 |     2 ||     3
 Stab: Sleeping          |     1 |       |       ||     1
  Eat: Chunk             |     2 |    11 |     1 ||    14
Armor: Robe              |    17 |    26 |     5 ||    48
       Skin              |       |     3 |     2 ||     5
Dodge: Dodged            |    41 |    96 |    27 ||   164
Block: Other             |       |       |     3 ||     3
